 Dungeon Crawl Stone Soup version 0.27-a0-984-g00e00afbbc (console) character file.

Game seed: 13900562284235103875

44 Banquo the Magician (level 3, 0/27 HPs)
             Began as a Djinni Arcane Marksman on Apr 15, 2021.
             Slain by an orc
             ... wielding a +1 hand axe of electrocution
              (20 damage)
             ... on level 2 of the Dungeon.
             The game lasted 00:09:02 (2602 turns).

Banquo the Magician (Djinni Arcane Marksman)        Turns: 2602, Time: 00:09:03

Health: 0/27       AC:  2    Str:  9    XL:     3   Next: 60%
Gold:   15         EV: 12    Int: 15    God:
                   SH:  0    Dex: 13

rFire    + + .     SeeInvis .   a - +0 short sword
rCold    x . .     Faith    .   (no shield)
rNeg     . . .     Spirit   .   d - +0 robe
rPois    ∞         Reflect  .   (no helmet)
rElec    .         Harm     .   e - scarf {+Inv}
rCorr    .         Rampage  .   (no gloves)
Will     .....                  (boots unavailable)
Stlth    +.........             (no amulet)
HPRegen  0.09/turn              (no ring)
MPRegen  0.00/turn              (no ring)

@: flying
A: fire resistance 2, cold vulnerability 1, float, innate caster, hp casting,
extra vitality 1
a: Evoke Invisibility


You were on level 2 of the Dungeon.
You visited 1 branch of the dungeon, and saw 2 of its levels.

You collected 15 gold pieces.

Inventory:

Hand Weapons
 a - a +0 short sword (weapon)
 j - a +0 whip
Missiles
 c - 3 javelins (quivered)
 f - 55 stones
 k - 2 throwing nets
Armour
 d - a +0 robe (worn)
 e - a scarf of invisibility (worn)
 n - a +0 tower shield
Scrolls
 g - 2 scrolls of magic mapping {unknown}
 i - a scroll of identify {unknown}
 l - a scroll of amnesia {unknown}
 m - a scroll of teleportation {unknown}
Potions
 b - a potion of curing {unknown}
 h - a potion of might {unknown}


   Skills:
 * Level 1.5 Fighting
 - Level 1.5 Throwing
 - Level 2.1 Dodging
 + Level 3.7 Spellcasting


You couldn't memorise any spells.
You knew the following spells:

 Your Spells              Type           Power      Damage    Failure   Level
a - Corona                Hex            14%        N/A       4%          1
b - Sandblast             Erth           26%        2d8       4%          1
c - Inner Flame           Hex/Fire       13%        N/A       12%         3
d - Portal Projectile     Hex/Tloc       26%        N/A       12%         3
f - Cause Fear            Hex            6%         N/A       38%         4
l - Leda's Liquefaction   Hex/Erth       6%         N/A       38%         4
s - Slow                  Hex            13%        N/A       6%          2
Your spell library was empty.

Dungeon Overview and Level Annotations

Branches:
Dungeon (2/15)

Altars:


Innate Abilities, Weirdness & Mutations

You are immune to poison.
Your flesh is very heat resistant. (rF++)
You are vulnerable to cold. (rC-)
You float through the air rather than walking.
You learn spells naturally, not from books.
Your magical power is your life essence.
You have superior vitality. (+4 HP)


Message History

You fly upwards.
There is a stone staircase leading down here.
You hit the orc but do no damage. The orc barely misses you.
You hit the orc but do no damage. The orc closely misses you.
You hit the orc.
The orc is moderately wounded.
You barely miss the orc.
The orc is moderately wounded.
The orc barely misses you. x2
You hit the orc.
You kill the orc!
You barely miss the orc. The orc barely misses you.
You hit the orc.
The orc is moderately wounded.
The orc hits you with a +0 club.
You hit the orc.
The orc is heavily wounded.
The orc closely misses you.
You hit the orc.
The orc is severely wounded.
The orc hits you with a +0 club.
You closely miss the orc.
The orc is severely wounded.
The orc hits you with a +0 club.
You hit the orc.
You kill the orc!
Items here: )) [ †.
Okay, then.
Unknown command.
There is a stone staircase leading down here.
You start resting.
HP restored.
You fly downwards.
The orc closely misses you. The orc barely misses you.
There is a stone staircase leading up here.
You hit the orc.
The orc is severely wounded.
The orc hits you with a +1 hand axe of electrocution!
You are electrocuted!!
Ouch! That really hurt!
You die...

....... ##.......
#.......> #
.......
#.#######.....
#.#.#.#.#.#.#.#.#
................
##.#.#.#.#.#.#.#.
#...o@......(.....
##.#.#.#.#.#.#.#.#
.............
#.#.#.#.#.#.#.#
#.#######.##### #
... ####


You could see an orc.

Vanquished Creatures
  An adder (D:1)
  2 dart slugs (D:1)
  2 orcs (D:1)
  A bat (D:1)
  3 endoplasms (D:1)
  3 giant cockroaches (D:1)
  2 goblins (D:1)
  A hobgoblin (D:1)
  3 jackals (D:2)
  A quokka (D:1)
  A ball python (D:2)
  2 frilled lizards (D:1)
  2 kobolds (D:1)
  3 rats
27 creatures vanquished.

Vanquished Creatures (others)
  13 plants (D:1)
13 creatures vanquished.

Grand Total: 40 creatures vanquished

Notes
Turn   | Place    | Note
-------+----------+-------------------------------------------
     0 | D:1      | Banquo the Djinni Arcane Marksman began the quest for the
                  | Orb.
     0 | D:1      | Reached XP level 1. HP: 17/17 MP: 0/0
   539 | D:1      | Reached skill level 3 in Spellcasting
   698 | D:1      | Reached XP level 2. HP: 21/22 MP: 0/0
   942 | D:1      | Found a faded altar of an unknown god.
  1934 | D:2      | Reached XP level 3. HP: 27/27 MP: 0/0
  1934 | D:2      | Learned a level 1 spell: Sandblast
  2602 | D:2      | Slain by an orc

Illustrated notes

Levels and vault maps discovered:
D:1:      evilmike_arrival_rings, layout_loops_cross,
          ebering_ecumenical_altar_hall, serial_bayou_lake_a
D:2:      layout_basic, st_stairs_12, grunt_ministairs_11

Skill      XL: |  1 |
---------------+----+-----
Spellcasting   | 3 |  3.7
Fighting       | |  1.5
Throwing       | |  1.5
Dodging        | |  2.1

Action                   || total
-------------------------++-------
Melee: Whip              ||    37
       Short sword       ||    62
Throw: Stone             ||    18
       Javelin           ||    11
 Cast: Corona            ||    18
Armor: Robe              ||    15
Dodge: Dodged            ||    65

Table legend: (Time is in decaauts)
 A = Elapsed time spent in this place.
 B = Non-inter-level travel time spent in this place.
 C = Inter-level travel time spent in this place.
 D = Time resting spent in this place.
 E = Time spent auto-exploring this place.
 F = Levels seen in this place.
 G = Mean time per level.
                   A        B        C        D        E       F      G
               +--------+--------+--------+--------+--------+-----+--------+
         Total |   2621 |   2356 |    265 |    715 |   1186 |   2 | 1310.5 |
       Dungeon |   2621 |   2356 |    265 |    715 |   1186 |   2 | 1310.5 |
               +--------+--------+--------+--------+--------+-----+--------+

Top non-repeatable levels by time:
     D:1: 2560 daAuts
     D:2: 61 daAuts
